 Dungeon Crawl Stone Soup version 0.28.0-53-g5a82cb258f (webtiles) character file.

Game seed: 9734512240006858168

26 cbfl8 the Chopper (level 2, 0/27 HPs)
             Began as a Minotaur Berserker on July 26, 2022.
             Was a Believer of Trog.
             Slain by an adder (4 damage)
             ... on level 2 of the Dungeon.
             The game lasted 00:00:47 (1135 turns).

cbfl8 the Chopper (Minotaur Berserker)              Turns: 1135, Time: 00:00:48

Health: 0/27       AC:  2    Str: 21    XL:     2   Next: 89%
Magic:  1/1        EV: 12    Int:  4    God:    Trog [**....]
Gold:   90         SH:  0    Dex:  9    Spells: 1/1 levels left

rFire   . . .      SeeInvis .   a - +0 hand axe
rCold   . . .      Faith    .   (no shield)
rNeg    . . .      Spirit   .   b - +0 animal skin
rPois   .          Reflect  .   (helmet restricted)
rElec   .          Harm     .   (no cloak)
rCorr   .          Rampage  .   (no gloves)
Will    .....                   (no boots)
Stlth   +.........              (no amulet)
HPRegen 0.09/turn               (no ring)
MPRegen 0.07/turn               (no ring)

@: lethally poisoned (0 -> -7)
A: horns 2, retaliatory headbutt
a: Renounce Religion, Berserk, Trog's Hand


You were on level 2 of the Dungeon.
You worshipped Trog.
Trog was pleased with you.
You visited 1 branch of the dungeon, and saw 2 of its levels.

You collected 90 gold pieces.

Inventory:

Hand Weapons
 a - a +0 hand axe (weapon)
Armour
 b - a +0 animal skin (worn)
Scrolls
 c - a scroll of acquirement {unknown}
 d - a scroll of fog {unknown}
 g - a scroll of holy word {unknown}
 h - a scroll of identify {unknown}
 i - a scroll of blinking {unknown}
Potions
 e - a potion of curing {unknown}
 f - a potion of magic {unknown}


   Skills:
 * Level 4.0 Fighting
 + Level 4.2 Axes
 + Level 2.7 Armour
 * Level 2.4 Dodging
 * Level 0.3 Stealth


You had one spell level left.
You didn't know any spells.
Your spell library was empty.

Dungeon Overview and Level Annotations

Branches:
Dungeon (2/15)

Altars:


Innate Abilities, Weirdness & Mutations

You have a pair of horns on your head.
You reflexively headbutt those who attack you in melee.


Message History

An adder is nearby!
Unknown command.
You barely miss the adder.
The adder is lightly wounded.
The adder barely misses you. You furiously retaliate!
You headbutt the adder, but do no damage.
The adder closely misses you.
An adder is nearby!
Unknown command.
You slash the adder!
The adder is almost dead.
The adder barely misses you. You furiously retaliate!
You headbutt the adder.
An adder is nearby!
Unknown command.
You barely miss the adder.
The adder is almost dead.
The adder bites you.
You are poisoned.
The adder poisons you! The adder bites you.
You are lethally poisoned!
The adder poisons you!
There is a lethal amount of poison in your body!
You are too injured to fight recklessly!
Unknown command.
There is a lethal amount of poison in your body!
Unknown command.
You are too injured to fight recklessly!
There is a lethal amount of poison in your body!
Unknown command.
You are too injured to fight recklessly!
You completely miss the adder. Your headbutt misses the adder.
The adder is almost dead.
* * * LOW HITPOINT WARNING * * *
You feel very sick. The adder bites you but does no damage.
You barely miss the adder.
The adder is almost dead.
* * * LOW HITPOINT WARNING * * *
You feel sick. The adder bites you.
You die...

#### #######
.$...#...<.##
............##
......)@.....#
.......S.....#
.............#
.............#
.........<.....
............###.
.....#......#
.............


You could see an adder.

Vanquished Creatures
  2 bats (D:1)
  4 endoplasms (D:1)
  A giant cockroach (D:1)
  2 goblins
  2 hobgoblins
  4 kobolds (D:1)
  2 quokkas (D:1)
  3 ball pythons (D:1)
  2 rats (D:1)
22 creatures vanquished.

Notes
Turn   | Place    | Note
-------+----------+-------------------------------------------
     0 | D:1      | cbfl8 the Minotaur Berserker began the quest for the Orb.
     0 | D:1      | Reached XP level 1. HP: 19/19 MP: 0/0
   235 | D:1      | Found a faded altar of an unknown god.
   307 | D:1      | Reached XP level 2. HP: 27/27 MP: 1/1
   624 | D:1      | Reached ** piety under Trog
  1135 | D:2      | Slain by an adder

Illustrated notes

Levels and vault maps discovered:
D:1:      tarquinn_simple_flora_water_c, layout_loops_corners,
          chequers_ecumenical_altar_simple_redux, minmay_ruptured
D:2:      minmay_door_path, layout_rooms

Skill      XL: |  1  2 |
---------------+-------+-----
Axes           | 4 |  4.2
Fighting       | 4 |  4.0
Armour         | |  2.7
Dodging        | |  2.4
Stealth        | |  0.3

Action                   || total
-------------------------++-------
Melee: Hand axe          ||    52
       Headbutt          ||     8
 Stab: Sleeping          ||     1
Armor: Animal skin       ||     8
Dodge: Dodged            ||    35
